 Dungeon Crawl Stone Soup version 0.23.1 (webtiles) character file.

Game seed: 0

8362 ABBCCCDDDD the Zephyrmancer (level 11, -4/86 HPs)
             Began as a Black Draconian Air Elementalist on Mar 1, 2019.
             Was an Elder of Sif Muna.
             Slain by a fire bat (5 damage)
             ... in a Gauntlet.
             The game lasted 01:12:43 (16649 turns).

ABBCCCDDDD the Zephyrmancer (DrAE)                 Turns: 16649, Time: 01:12:43

Health: -4/86      AC:  7    Str: 11    XL:     11   Next: 8%
Magic:  23/23      EV:  7    Int: 18    God:    Sif Muna [****..]
Gold:   338        SH:  0    Dex: 12    Spells: 11/26 levels left

rFire    . . .     SeeInvis .   O - +3 dagger (freeze)
rCold    . . .     Gourm    .   x - +0 buckler
rNeg     . . .     Faith    .   (armour unavailable)
rPois    .         Spirit   .   (helmet restricted)
rElec    +         Reflect  .   (no cloak)
rCorr    .         Harm     .   (no gloves)
MR       .....     NoTele   +   (no boots)
Stlth    +++.......             (no amulet)
HPRegen  0.24/turn              u - +1 ring of evasion
MPRegen  0.18/turn              j - ring of stealth

@: held
A: breathe lightning, unfitting armour, electricity resistance, cold-blooded, AC
+7
a: Breathe Lightning, Divine Energy, Channel Magic, Forget Spell, Renounce
Religion


You were in a Gauntlet.
You worshipped Sif Muna.
Sif Muna was greatly pleased with you.
You were not hungry.

You visited 3 branches of the dungeon, and saw 12 of its levels.
You also visited: Sewer, Ossuary, Bailey and Gauntlet.

You collected 478 gold pieces.
You spent 140 gold pieces at shops.

Inventory:

Hand Weapons
 d - a +0 dagger
 r - a +0 blowgun
 s - a +0 quarterstaff
 w - a +0 lajatang
 B - the +10 hunting sling of Fuebb {venom, +Inv SInv}
   (You took it off an orc on level 5 of the Dungeon)

   It poisons the ammo it fires.
   It lets you see invisible.
   It lets you turn invisible.
 O - a +3 dagger of freezing (weapon)
Missiles
 n - 20 poisoned needles
 C - 216 stones (quivered)
 D - 14 tomahawks
 M - 2 steel tomahawks
 Q - 5 curare-tipped needles
Armour
 x - a +0 buckler (worn)
Jewellery
 j - a ring of stealth (right hand)
 u - a +1 ring of evasion (left hand)
 L - an uncursed ring of see invisible
Wands
 F - a wand of enslavement (16)
 K - a wand of disintegration (21)
 N - a wand of polymorph (8)
Scrolls
 a - 4 scrolls of enchant weapon
 e - 7 scrolls of teleportation
 f - 3 scrolls of fog
 g - 2 scrolls of immolation
 t - 3 scrolls of amnesia {unknown}
 v - 6 scrolls of remove curse
 y - 3 scrolls of enchant armour {unknown}
 A - 2 scrolls of random uselessness {unknown}
 G - 3 scrolls of blinking {unknown}
 H - a scroll of noise {unknown}
 I - 3 scrolls of magic mapping {unknown}
 P - 3 scrolls of summoning {unknown}
 R - a scroll of acquirement {unknown}
Potions
 c - 7 potions of curing
 h - a potion of mutation
 i - 6 potions of heal wounds
 l - 2 potions of brilliance
 m - 5 potions of degeneration {unknown}
 o - 5 potions of flight {unknown}
 p - a potion of ambrosia {unknown}
 q - 4 potions of berserk rage {unknown}
 z - 2 potions of haste {unknown}
 E - a potion of agility {unknown}
 J - a potion of might {unknown}
Comestibles
 b - 13 rations


   Skills:
 - Level 5.0 Fighting
 - Level 2.0 Dodging
 - Level 2.0 Stealth
 - Level 4.0 Shields
 - Level 8.0 Spellcasting
 - Level 4.0 Conjurations
 - Level 3.0 Charms
 - Level 3.0 Ice Magic
 - Level 12.0 Air Magic
 + Level 5.3 Invocations
 + Level 4.8 Evocations


You had 11 spell levels left.
You knew the following spells:

 Your Spells              Type           Power        Failure   Level  Hunger
a - Shock                 Conj/Air       ####         1%          1    None
b - Swiftness             Chrm/Air       ####....     1%          2    None
c - Airstrike             Air            ######....   1%          4    ###....
d - Ozocubu's Armour      Chrm/Ice       ###.....     9%          3    #......
e - Lightning Bolt        Conj/Air       #####.....   10%         5    #####..

Your spell library contained the following spells:

 Spells                   Type           Power        Failure   Level  Hunger
 Static Discharge         Conj/Air       #####...     1%          3    #......
 Freeze                   Ice            ###.         2%          1    None
 Throw Frost              Conj/Ice       ###...       3%          2    None
 Throw Icicle             Conj/Ice       ###.....     22%         4    ###....
 Summon Ice Beast         Ice/Summ       ##......     45%         4    ###....


Dungeon Overview and Level Annotations

Branches:
Dungeon (10/15)            Temple (1/1) D:4            Lair (1/6) D:9
    Orc: D:9-12

Altars:
Ashenzari
Dithmenos
Elyvilon
Fedhas
Gozag
Hepliaklqana
Kikubaaqudgha
Makhleb
Nemelex Xobeh
Okawaru
Qazlal
Ru
Sif Muna
Trog
Uskayaw
Vehumet
Wu Jian
Xom
Yredelemnul
Zin
The Shining One

Shops:
D:6 *   D:7 (

Annotations:
D:4 Eustachio
D:7 exclusion: ice statue
D:9 exclusion: downstairs Gauntlet 13 transporters, 21 runed translucent doors


Innate Abilities, Weirdness & Mutations

You can breathe wild blasts of lightning.
Your glossy black scales are hard. (AC +7)
You cannot fit into any form of body armour.
You are resistant to electric shocks. (rElec)
You are cold-blooded and may be slowed by cold attacks.


Message History

The hell hound bites you!
* * * LOW HITPOINT WARNING * * *
You feel much better.
The fire bat bites you but does no damage. x2
The hell hog breathes fire at you.
The fireball explodes!
The fireball engulfs you!!
* * * LOW HITPOINT WARNING * * *
The fireball engulfs the hell hog.
The hell hog resists.
The fireball engulfs the hell hound.
The hell hound completely resists.
The fireball engulfs the hell hound.
The hell hound completely resists.
The fireball engulfs the fire bat.
The fire bat completely resists.
The hell hog's attack snaps the fire bat out of its fear.
The hell hound bites you.
* * * LOW HITPOINT WARNING * * *
The hell hound bites you.
* * * LOW HITPOINT WARNING * * *
The fire bat bites you.
* * * LOW HITPOINT WARNING * * *
You are engulfed in flames.
You die...

....©...........§#.....#8#
######################.###
^...Z##[.#.#..b§.§§h.#.#
.^###.##$#.#.^##§##^.#.###
.##Z##.#$#.#.##§b.##.#.#8#
.#.#.#.#.#.#.#§§§.b#.#.###
.#.#©#.#.#.#..§§§§...#.#
.#.#.#.#.#.#.#§h§§.#.#.###
.#.##k##.#.#.##h@h##.#.#8#
.##.###^.#.#.^##b##^.#.###
#Z##....Z#.#...[©!)..#.#
##########.###########.###
.......................#8#
......................≈###
########################
#8# #8# #8# #8# #8# #8#
### ### ### ### ### ###


You could see a hell hog, 2 hell hounds and 2 fire bats.

Vanquished Creatures
  A queen ant (Gauntlet)
  Sonja (D:10)
  A komodo dragon (D:9)
  A troll (D:9)
  3 hornets (Gauntlet)
  A hippogriff (D:10)
  5 yaks
  4 soldier ants (Gauntlet)
  A black bear (D:10)
  An ice beast (D:8)
  2 sky beasts
  8 orc warriors
  5 ogres
  A phantom (D:9)
  A centaur (D:7)
  An eye of draining (D:10)
  5 bullfrogs
  5 big kobolds (Sewer)
  2 scorpions
  15 killer bees
  5 wights
  A howler monkey (D:8)
  5 crimson imps
  A human zombie (Ossuary)
  4 orc priests
  3 centaur zombies
  A centaur skeleton (D:10)
  4 worker ants
  2 iguanas
  11 orc wizards
  A killer bee zombie (D:8)
  2 big kobold zombies (Ossuary)
  2 mummies (Ossuary)
  A howler monkey zombie (D:9)
  A howler monkey skeleton (D:8)
  10 adders
  A river rat (D:4)
  A shadow imp (D:5)
  3 oozes
  4 dart slugs
  7 leopard geckos
  57 orcs
  2 ball pythons
  5 giant cockroaches
  9 goblins
  5 hobgoblins
  12 jackals
  3 quokkas
  13 bats
  6 frilled lizards
  A giant cockroach zombie (D:5)
  12 hobgoblin zombies (Ossuary)
  A jackal zombie (Ossuary)
  14 kobolds
  11 kobold zombies (Ossuary)
  6 orc zombies (Ossuary)
  14 rats
  3 rat zombies (Ossuary)
  A plant (D:9)
309 creatures vanquished.

Vanquished Creatures (others)
  11 fungi
  15 plants
26 creatures vanquished.

Grand Total: 335 creatures vanquished

Notes
Turn   | Place    | Note
-------+----------+-------------------------------------------
     0 | D:1      | ABBCCCDDDD the Draconian Air Elementalist began the quest
                  | for the Orb.
     0 | D:1      | Reached XP level 1. HP: 14/14 MP: 3/3
   267 | D:1      | Reached XP level 2. HP: 22/22 MP: 1/5
   599 | D:1      | Reached skill level 1 in Fighting
   694 | D:1      | Learned a level 2 spell: Swiftness
   891 | D:1      | Reached XP level 3. HP: 28/28 MP: 2/6
  1592 | D:2      | Found a faded altar of an unknown god.
  2056 | D:3      | Found a blossoming altar of Fedhas.
  2268 | D:3      | Reached XP level 4. HP: 29/36 MP: 2/7
  2685 | D:3      | Reached skill level 1 in Charms
  3053 | D:3      | Learned a level 4 spell: Airstrike
  3750 | D:3      | Found a glowing golden altar of the Shining One.
  3785 | D:4      | Reached XP level 5. HP: 12/41 MP: 1/9
  3861 | D:4      | Noticed an ogre
  3989 | D:4      | Found a staircase to the Ecumenical Temple.
  3999 | Temple   | Entered the Ecumenical Temple
  4037 | Temple   | Became a worshipper of Sif Muna the Loreminder
  4158 | D:4      | Found a glowing drain.
  4162 | Sewer    | Entered a sewer
  4273 | Sewer    | Reached skill level 4 in Air Magic
  4331 | Sewer    | Reached XP level 6. HP: 30/48 MP: 2/11
  4579 | Sewer    | Reached * piety under Sif Muna
  4730 | Sewer    | Your scales start taking on a glossy black colour.
  4730 | Sewer    | Reached skill level 6 in Air Magic
  4730 | Sewer    | Reached XP level 7. HP: 23/55 MP: 6/13
  4730 | Sewer    | Gained mutation: You are resistant to electric shocks.
                  | (rElec) [Black Draconian growth]
  5065 | D:4      | Found a shattered altar of Ashenzari.
  5260 | D:4      | Reached skill level 1 in Shields
  5508 | D:4      | Found a white marble altar of Elyvilon.
  5723 | D:5      | Entered Level 5 of the Dungeon
  5723 | D:5      | Noticed Eustachio
  6199 | D:5      | Found a bloodstained altar of Trog.
  6345 | D:5      | Found a hide-covered altar of Uskayaw.
  6348 | D:5      | Reached skill level 7 in Air Magic
  6741 | D:5      | Reached XP level 8. HP: 61/61 MP: 1/14
  6897 | D:5      | Identified the +10 hunting sling of Fuebb {venom, +Inv
                  | SInv}
  7327 | D:6      | Found a radiant altar of Vehumet.
  7716 | D:6      | Found Paodoski's General Store.
  7739 | D:6      | Bought a potion of heal wounds for 70 gold pieces
  7739 | D:6      | Bought a scroll of identify for 28 gold pieces
  7739 | D:6      | Bought a scroll of remove curse for 42 gold pieces
  8023 | D:6      | Reached skill level 8 in Air Magic
  8472 | D:7      | Reached ** piety under Sif Muna
  8843 | D:7      | Found a sparkling altar of Nemelex Xobeh.
  8852 | D:7      | Found Qoheufas's Antique Weapon Shoppe.
  8864 | D:7      | Reached skill level 9 in Air Magic
  8975 | D:7      | Noticed an ice statue
  9193 | D:7      | Found a burning altar of Makhleb.
  9483 | D:7      | Found a glowing silver altar of Zin.
  9616 | D:8      | Reached skill level 5 in Fighting
  9851 | D:8      | Reached XP level 9. HP: 74/74 MP: 6/15
  9938 | D:8      | Found a sand-covered staircase.
  9947 | Ossuary  | Entered an ossuary
 10173 | Ossuary  | Reached *** piety under Sif Muna
 10460 | Ossuary  | Reached skill level 5 in Spellcasting
 10551 | Ossuary  | Reached skill level 10 in Air Magic
 11288 | D:8      | Learned a level 3 spell: Ozocubu's Armour
 11565 | D:9      | Reached skill level 1 in Ice Magic
 11636 | D:8      | Reached **** piety under Sif Muna
 11707 | D:9      | Noticed a komodo dragon
 11709 | D:9      | Found a staircase to the Lair.
 11719 | D:9      | Killed a komodo dragon
 11867 | D:9      | Reached skill level 11 in Air Magic
 12067 | D:9      | Found a flagged portal.
 12158 | Bailey   | Entered a bailey
 12413 | Bailey   | Reached XP level 10. HP: 58/81 MP: 3/19
 13940 | D:10     | Entered Level 10 of the Dungeon
 14214 | D:10     | Reached skill level 1 in Invocations
 14214 | D:10     | Reached skill level 1 in Evocations
 14462 | D:10     | Noticed Sonja
 14466 | D:10     | Killed Sonja
 14466 | D:10     | Reached ***** piety under Sif Muna
 14466 | D:10     | Reached skill level 12 in Air Magic
 14877 | D:10     | Noticed an eight-headed hydra
 15183 | Lair:1   | Entered Level 1 of the Lair of Beasts
 15545 | Lair:1   | Found a gate leading to a gauntlet.
 15560 | Gauntlet | Entered a Gauntlet
 15560 | Gauntlet | Found a transporter.
 15574 | Gauntlet | Noticed a queen ant
 15575 | Gauntlet | Found a transporter.
 15590 | Gauntlet | Found a transporter.
 15595 | Gauntlet | Found a transporter.
 15595 | Gauntlet | Noticed a death drake
 15606 | Gauntlet | Noticed a hell hog
 15610 | Gauntlet | Found a transporter.
 15632 | Gauntlet | Found a transporter.
 15637 | Gauntlet | Found a large runed translucent door.
 15638 | Gauntlet | Found a large runed translucent door.
 15639 | Gauntlet | Found a large runed translucent door.
 15639 | Gauntlet | Found a large runed translucent door.
 15639 | Gauntlet | Noticed a hell beast
 15640 | Gauntlet | Found a runed translucent gate.
 15641 | Gauntlet | Found a transporter.
 15641 | Gauntlet | Found a runed translucent gate.
 15642 | Gauntlet | Found a runed translucent gate.
 15643 | Gauntlet | Found a large runed translucent door.
 15643 | Gauntlet | Found a large runed translucent door.
 15644 | Gauntlet | Found a large runed translucent door.
 15645 | Gauntlet | Found a large runed translucent door.
 15653 | Gauntlet | Found a transporter.
 15655 | Gauntlet | Found a large runed translucent door.
 15655 | Gauntlet | Found a large runed translucent door.
 15655 | Gauntlet | Found a runed translucent door.
 15655 | Gauntlet | Found a runed translucent door.
 15656 | Gauntlet | Found a large runed translucent door.
 15657 | Gauntlet | Found a large runed translucent door.
 15659 | Gauntlet | Found a transporter.
 15659 | Gauntlet | Found a transporter.
 15674 | Gauntlet | Found a transporter.
 15677 | Gauntlet | Noticed a death ooze
 15682 | Gauntlet | Noticed an elephant
 15684 | Gauntlet | Noticed a dire elephant
 15685 | Gauntlet | Noticed an elephant
 15686 | Gauntlet | Found a transporter.
 15686 | Gauntlet | Noticed an elephant
 15692 | Gauntlet | Found a transporter.
 15692 | Gauntlet | Found a transporter.
 15731 | Gauntlet | Found a transporter.
 15758 | Gauntlet | Found a transporter.
 15863 | Gauntlet | Learned a level 5 spell: Lightning Bolt
 15874 | Gauntlet | Found a large runed translucent door.
 15874 | Gauntlet | Found a large runed translucent door.
 15875 | Gauntlet | Found a large runed translucent door.
 15876 | Gauntlet | Found a large runed translucent door.
 15957 | Gauntlet | Found a transporter.
 15961 | Gauntlet | Found a transporter.
 15981 | Gauntlet | Paralysed by a hornet for 3 turns
 16126 | Gauntlet | Killed a queen ant
 16126 | Gauntlet | Reached skill level 5 in Invocations
 16126 | Gauntlet | Reached XP level 11. HP: 23/86 MP: 14/23
 16649 | Gauntlet | HP: 4/86 [hell hound (2)]
 16649 | Gauntlet | HP: 1/86 [fire bat (2)]
 16649 | Gauntlet | Slain by a fire bat

Skill      XL: |  1  2  3  4  5  6  7  8  9 10 |
---------------+-------------------------------+-----
Stealth        | 2 |  2.0
Fighting       | 1 2 5 |  5.0
Conjurations   | 2 3 4 |  4.0
Charms         | 1 2 3 |  3.0
Spellcasting   | 3 4 6 8 |  8.0
Air Magic      | 4 6 7 9 11 12 | 12.0
Shields        | 3 4 |  4.0
Ice Magic      | 3 |  3.0
Dodging        | 2 |  2.0
Invocations    | 5 |  5.3
Evocations     | 4 |  4.8

Action                   |  1- 3 |  4- 6 |  7- 9 | 10-12 || total
-------------------------+-------+-------+-------+-------++-------
Melee: Dagger            |     4 |    39 |    20 |    77 ||   140
       Tailslap          |       |     6 |       |     8 ||    14
       Quarterstaff      |       |    11 |    11 |       ||    22
       Lajatang          |       |    10 |       |       ||    10
 Cast: Shock             |    67 |   120 |   374 |   100 ||   661
       Airstrike         |       |       |    47 |    52 ||    99
       Ozocubu's Armour  |       |       |     1 |     1 ||     2
       Lightning Bolt    |       |       |       |     1 ||     1
Invok: Divine Energy     |       |       |     2 |       ||     2
       Stop Divine Energ |       |       |     1 |     1 ||     2
 Abil: Breathe Lightning |       |       |    13 |     9 ||    22
  Use: Potion            |       |     3 |     5 |     3 ||    11
       Scroll            |       |       |    10 |     4 ||    14
 Stab: Sleeping          |     1 |     2 |     1 |       ||     4
  Eat: Chunk             |     5 |     8 |    26 |    10 ||    49
       Ration            |       |       |     3 |     3 ||     6
Armor: Skin              |    15 |    37 |    48 |    36 ||   136
Dodge: Dodged            |    12 |    64 |   116 |    65 ||   257
Block: Buckler           |       |       |    33 |    24 ||    57
